 Dungeon Crawl Stone Soup version 0.31.0-11-ge490571c62 (webtiles) character file.

Game seed: 13755495833417225869

7086 ProzacElf the Grappler (level 10, -5/92 HPs)
             Began as a Troll Reaver on Feb 4, 2024.
             Was a High Priest of Nemelex Xobeh.
             Slain by a yak (14 damage)
             ... on level 8 of the Dungeon.
             The game lasted 00:17:36 (8527 turns).

ProzacElf the Grappler (Troll Reaver)               Turns: 8527, Time: 00:17:36

Health: -5/92      AC:  7    Str: 22    XL:     10   Next: 84%
Magic:  16/16      EV:  8    Int:  9    God:    Nemelex Xobeh [*****.]
Gold:   637        SH:  8    Dex: 12    Spells: 10/11 levels left

rFire   + .          .
                       - Unarmed
rCold   + . .        t - +1 kite shield
rNeg    . . .        E - +0 steam dragon scales
rPois   .            (helmet restricted)
rElec   .            l - scarf {rC+ rF+}
rCorr   .            (gloves unavailable)
SInv    .            (boots unavailable)
Will    .....        L - amulet of regeneration
Stlth   +            d - ring of flight
HPRegen 1.95/turn    G - ring of wizardry
MPRegen 0.15/turn

%: wizardry (x1)
@: flying, studying Armour
A: large, unfitting armour, claws 3, regeneration 1, shaggy fur 1, tough skin 1
a: Renounce Religion, Draw Escape, Draw Destruction, Draw Summoning, Triple
Draw, Deal Four, Stack Five


You were on level 8 of the Dungeon.
You worshipped Nemelex Xobeh.
Nemelex Xobeh was extremely pleased with you.
You visited 3 branches of the dungeon, and saw 12 of its levels.

You collected 637 gold pieces.

Inventory:

Hand Weapons
 b - a +3 morningstar
 w - a +0 great mace of holy wrath
 M - a +2 mace of draining
Missiles
 k - 22 poisoned darts (quivered)
 p - a boomerang
 u - 3 atropa-tipped darts
 C - a throwing net
Armour
 a - a +0 robe
 l - a scarf of resistance (worn)
 t - a +1 kite shield (worn)
 E - +0 steam dragon scales (worn)
Magical Staves
 D - a staff of earth
Jewellery
 d - a ring of flight (left claw)
 B - a ring of ice
 G - a ring of wizardry (right claw)
 L - an amulet of regeneration (around neck)
Talismans
 x - a maw talisman
 A - a storm talisman
Wands
 q - a wand of light (5)
 y - a wand of roots (19)
 F - a wand of flame (26)
Scrolls
 g - 3 scrolls of teleportation
 h - 3 scrolls of fear {unknown}
 i - 2 scrolls of enchant armour
 j - a scroll of revelation
 m - a scroll of fog
 n - 2 scrolls of enchant weapon {unknown}
 r - a scroll of immolation {unknown}
 s - a scroll of blinking {unknown}
 v - a scroll of vulnerability {unknown}
 I - a scroll of silence
 J - a scroll of amnesia
Potions
 c - 3 potions of curing
 e - 4 potions of brilliance
 f - 3 potions of cancellation
 o - a potion of heal wounds
 z - 2 potions of resistance
 H - 4 potions of attraction
 K - a potion of ambrosia {unknown}


   Skills:
 + Level 3.7 Fighting
 - Level 2.3 Dodging
 + Level 12.2 Unarmed Combat
 - Level 1.2 Spellcasting
 - Level 2.1 Conjurations
 - Level 10.0 Invocations


You had 10 spell levels left.
You knew the following spells:

 Your Spells              Type           Power      Damage    Failure   Level
a - Kiss of Death         Conj/Necr      8%         2d6       24%         1

Your spell library contained the following spells:

 Spells                   Type           Power      Damage    Failure   Level
 Magic Dart               Conj           16%        1d3       16%         1
 Sting                    Conj/Alch      8%         1d3       24%         1
 Apportation              Tloc           0%         N/A       34%         1
 Necrotise                Necr           0%         1d4       34%         1
 Sandblast                Erth           0%         2d4       34%         1
 Summon Small Mammal      Summ           0%         N/A       34%         1
 Momentum Strike          Conj/Tloc      4%         3d8       34%         2
 Blink                    Tloc           0%         N/A       47%         2
 Call Imp                 Summ           0%         N/A       47%         2
 Hailstorm                Conj/Ice       2%         3d5       56%         3
 Stone Arrow              Conj/Erth      4%         3d7       56%         3
 Passwall                 Erth           0%         N/A       71%         3
 Summon Ice Beast         Ice/Summ       0%         N/A       71%         3
 Brom's Barrelling Bould  Conj/Erth      2%         2d3       91%         4
 Sculpt Simulacrum        Ice/Alch       0%         N/A       100%        6


Dungeon Overview and Level Annotations

Branches:
Dungeon (10/15)            Temple (1/1) D:5            Lair (1/5) D:8
    Orc: D:9-12

Altars:
Ashenzari
Cheibriados
Dithmenos
Elyvilon
Fedhas
Gozag
Hepliaklqana
Kikubaaqudgha
Makhleb
Nemelex Xobeh
Okawaru
Qazlal
Ru
Sif Muna
Trog
Uskayaw
Vehumet
Wu Jian
Xom
Yredelemnul
Zin
The Shining One

Shops:
D:5 *

Annotations:
D:9 3 runed translucent doors, exclusion: obsidian statue, ces's ghost, novice SpHu


Innate Abilities, Weirdness & Mutations

You are too large for most types of armour.
You have claws for hands.
Your natural rate of healing is unusually fast.
You are covered in fur. (AC +1)
You have tough skin. (AC +1)


Message History

Ye draw a card...
Ye haf drawn Pain.
Press: ? - help, Shift-Dir - straight line, f - yak
Aim: a yak Tha yak convulses!
Tha yak gores ye.
Ye block tha yak's attack.
Ye take 4 damage, an' haf 32/92 hp.
Ye regain'd 2 hp, an' now haf 34/92 hp.
Ye claw tha yak!
Tha yak be severely wounded.
Ye scratch tha yak.
Tha yak be almost dead.
Tha yak gores ye!
* * * LOW HITPOINT WARNIN'
* * * Ye take 11 damage, an' haf 24/92 hp.
Tha yak gores ye!
* * * LOW HITPOINT WARNIN'
* * * Tha yak gores ye but does nay damage.
Ye take 11 damage, an' haf 13/92 hp.
Tha yak attacks as it pursues ye!
Tha yak gores ye.
* * * LOW HITPOINT WARNIN'
* * * Tha yak attacks as it pursues ye!
Tha yak gores ye.
* * * LOW HITPOINT WARNIN'
* * * Ye take 2 damage, an' haf 12/92 hp.
Tha yak attacks as it pursues ye!
Tha yak gores ye.
* * * LOW HITPOINT WARNIN'
* * * Tha yak attacks as it pursues ye!
Tha yak barely misses ye.
Thar be an op'n door, spatt'red wit' blood 'ere.
Ye take 2 damage, an' haf 10/92 hp.
Ye regain'd 2 hp, an' now haf 12/92 hp.
Tha yak attacks as it pursues ye!
Ye block tha yak's attack.
Ye regain'd 2 hp, an' now haf 14/92 hp.
Tha yak attacks as it pursues ye!
Tha yak gores ye!
* * * LOW HITPOINT WARNIN'
* * * Ye take 11 damage, an' haf 3/92 hp.
Tha yak attacks as it pursues ye!
Tha yak gores ye but does nay damage.
Ye regain'd 2 hp, an' now haf 5/92 hp.
Ye regain'd 2 hp, an' now haf 7/92 hp.
Tha yak attacks as it pursues ye!
Tha yak gores ye!
Ye die...
Yer body glows slightly an' disappears.

#...#
#)........#>.......#
#...#
######....#........#
#..##
#....'.Y..'........#
#..##
##..Y#....#........#
#...#
##..Y#....#........#
#...#
#..).#....#........#
#..######
#..Y.#....#........#
#..#....#
#...Y#....#........#
#..#....#
#...@#....#........#
#..'....#
#....#....#........#
####....#
#....#....#........#
#..#....#
#....#....#........#
#..#....#
#....#....#........#
#..#....#
#....#....#........#
'..'....#
#....#....#........#
####....#
#....#....'........#
........#
#....#....#........#


You could see 4 yaks.

Vanquished Creatures
  A skeletal warrior (D:9)
  A komodo dragon (Lair:1)
  An unseen horror (D:9)
  A hornet (D:9)
  Grum (Lair:1)
  11 yaks
  2 steam dragons
  A water moccasin (D:6)
  A sky beast (D:6)
  4 orc warriors
  2 ogres
  A black bear (D:4)
  2 wolves (Lair:1)
  2 centaurs
  A phantom (D:7)
  A kobold brigand (D:10)
  6 bullfrogs (D:7)
  2 gnoll sergeants
  A scorpion (D:5)
  8 wights
  A killer bee (D:9)
  4 howler monkeys
  4 jellies
  A gnoll bouda (D:6)
  7 orc priests
  4 hounds
  2 iguanas
  A sleepcap (D:7)
  6 orc wizards
  5 adders
  17 gnolls
  4 white imps
  3 dart slugs (D:1)
  27 orcs
  5 bats
  7 endoplasms
  5 giant cockroaches
  3 hobgoblins
  10 jackals
  3 quokkas
  10 ball pythons
  2 frilled lizards (D:1)
  6 goblins
  13 kobolds
  3 rats
203 creatures vanquished.

Vanquished Creatures (collateral kills)
  A gargoyle (D:7)
1 creature vanquished.

Grand Total: 204 creatures vanquished

Notes
Turn   | Place    | Note
-------+----------+-------------------------------------------
     0 | D:1      | ProzacElf the Troll Reaver began the quest for the Orb.
     0 | D:1      | Reached XP level 1. HP: 19/19 MP: 1/1
   186 | D:1      | Reached XP level 2. HP: 27/27 MP: 2/2
   709 | D:2      | Reached XP level 3. HP: 33/33 MP: 3/3
   709 | D:2      | Found a faded altar of an unknown god.
   723 | D:2      | Prayed at the altar of an unknown god.
   723 | D:2      | Became a worshipper of Nemelex Xobeh the Trickster
   723 | D:2      | Reached * piety under Nemelex Xobeh
   723 | D:2      | Received a gift from Nemelex Xobeh
  1219 | D:2      | Reached ** piety under Nemelex Xobeh
  1443 | D:2      | Received a gift from Nemelex Xobeh
  1778 | D:3      | Reached skill level 1 in Invocations
  1832 | D:3      | Reached skill level 4 in Unarmed Combat
  2469 | D:4      | Reached XP level 4. HP: 41/41 MP: 4/4
  2556 | D:4      | Reached *** piety under Nemelex Xobeh
  2566 | D:4      | Noticed a black bear
  2575 | D:4      | Killed a black bear
  2576 | D:4      | Reached XP level 5. HP: 33/48 MP: 5/5
  2615 | D:4      | Found a blossoming altar of Fedhas.
  2615 | D:4      | Found a glowing silver altar of Zin.
  2760 | D:4      | Reached skill level 5 in Unarmed Combat
  2923 | D:5      | Entered Level 5 of the Dungeon
  2958 | D:5      | Received a gift from Nemelex Xobeh
  2976 | D:5      | Reached XP level 6. HP: 36/55 MP: 7/7
  3051 | D:5      | Found Edum's Fire Supplies.
  3202 | D:5      | Found a staircase to the Ecumenical Temple.
  3228 | Temple   | Entered the Ecumenical Temple
  3489 | D:5      | Found a basalt altar of Yredelemnul.
  3679 | D:5      | Reached skill level 6 in Unarmed Combat
  3679 | D:5      | Reached XP level 7. HP: 28/62 MP: 7/9
  4144 | D:6      | Received a gift from Nemelex Xobeh
  4221 | D:6      | Reached skill level 5 in Invocations
  4276 | D:6      | Reached skill level 7 in Unarmed Combat
  4337 | D:6      | Reached **** piety under Nemelex Xobeh
  4447 | D:6      | Reached XP level 8. HP: 47/70 MP: 11/11
  4858 | D:7      | Reached skill level 8 in Unarmed Combat
  4938 | D:7      | Received a gift from Nemelex Xobeh
  5044 | D:7      | Found a shadowy altar of Dithmenos.
  5305 | D:7      | Noticed a gargoyle
  5379 | D:7      | Reached XP level 9. HP: 76/76 MP: 13/13
  5411 | D:7      | Killed a gargoyle
  5412 | D:7      | Reached skill level 9 in Unarmed Combat
  6181 | D:8      | Reached skill level 10 in Unarmed Combat
  6577 | D:8      | Reached ***** piety under Nemelex Xobeh
  6600 | D:8      | Found a shimmering altar of Xom.
  6832 | D:8      | Found a staircase to the Lair.
  6833 | D:8      | Received a gift from Nemelex Xobeh
  7087 | D:9      | Found a white marble altar of Elyvilon.
  7155 | D:9      | Noticed a skeletal warrior
  7164 | D:9      | Killed a skeletal warrior
  7165 | D:9      | Reached XP level 10. HP: 44/85 MP: 15/15
  7279 | D:9      | Found a bloodstained altar of Trog.
  7430 | D:9      | Reached skill level 11 in Unarmed Combat
  7543 | D:9      | Found a runed translucent gate.
  7543 | D:9      | Found a runed translucent gate.
  7543 | D:9      | Found a runed translucent gate.
  7546 | D:9      | Found an opulent altar of Gozag.
  7546 | D:9      | Noticed a purple ugly thing
  7547 | D:9      | Noticed an obsidian statue
  7547 | D:9      | Noticed an orc knight
  7547 | D:9      | Noticed a five-headed hydra
  7547 | D:9      | Noticed ces's ghost (novice SpHu)
  7721 | D:9      | Found a sacrificial altar of Ru.
  7721 | D:9      | Received a gift from Nemelex Xobeh
  7991 | D:10     | Entered Level 10 of the Dungeon
  8049 | D:10     | Reached skill level 10 in Invocations
  8171 | D:10     | Found a stormy altar of Qazlal.
  8351 | D:10     | Noticed a deep elf pyromancer
  8433 | Lair:1   | Entered Level 1 of the Lair of Beasts
  8436 | Lair:1   | Noticed Grum
  8442 | Lair:1   | Reached skill level 12 in Unarmed Combat
  8449 | Lair:1   | Killed Grum
  8498 | Lair:1   | Noticed a cane toad
  8524 | D:8      | HP: 3/92 [yak (13)]
  8527 | D:8      | Slain by a yak

Illustrated notes

Levels and vault maps discovered:
D:1:      saegor_arrival_simple_d, layout_basic, roderic_roman_lattice
D:2:      layout_basic, hellmonk_ecumenical_altar_arch_garden,
          minmay_misc_feat_nine_boxes, glass_columns_a, grunt_ministairs_11
D:3:      layout_loops_corners
D:4:      layout_gridville, chequers_temple_overflow_statue_of_worship
D:5:      layout_basic, mainiacjoe_overflow_24_doors, temple_fountains,
          chequers_big_river, nicolae_shop_fire_sale [nicolae_sub_dead_trees]
D:6:      layout_cave_pools
D:7:      layout_gridville, nicolae_dithmenos_through_a_glass_darkly,
          minmay_manual_mail
D:8:      layout_gridville, xom_butterflies, lair_entry_dummy
D:9:      layout_irregular_city, nicolae_ru_great_annihilating_truth,
          mainiacjoe_overflow_catwalk_spiral, ebering_ghost_gozag,
          minmay_fractal_squares_gapless_5
D:10:     minmay_tri_box, layout_rooms, mainiacjoe_overflow_boulevard,
          minmay_misc_feat_ornament, kennysheep_flooded_box
Temple:   nicolae_temple_ecumenical_triangle
Lair:1:   layout_chaotic_city, infiniplex_staircase_pool_2, uniq_grum

Skill      XL: |  1  2  3  4  5  6  7  8  9 10 |
---------------+-------------------------------+-----
Dodging        | 2 |  2.3
Invocations    | 1 2 3 4 5 7 9 10 | 10.0
Unarmed Combat | 4 5 6 7 8 10 12 | 12.2
Fighting       | 3 |  3.7
Spellcasting   | |  1.2
Conjurations   | |  2.1

Action                     |  1- 3 |  4- 6 |  7- 9 | 10-12 || total
---------------------------+-------+-------+-------+-------++-------
  Melee: Unarmed           |    90 |   103 |   292 |   157 ||   642
         Punch             |     2 |     2 |       |       ||     4
  Throw: Dart              |       |       |     6 |     3 ||     9
 Invoke: Draw Destruction  |       |       |     1 |     1 ||     2
         Draw Summoning    |       |       |     1 |       ||     1
    Use: Scroll            |       |       |     8 |     7 ||    15
         Potion            |       |       |     3 |       ||     3
   Stab: Sleeping          |     2 |       |       |       ||     2
         Invisible         |       |       |       |     1 ||     1
         Paralysed         |       |       |       |     1 ||     1
 Armour: Robe              |    46 |   103 |    84 |       ||   233
         Steam dragon scal |       |       |   126 |   137 ||   263
  Dodge: Dodged            |    38 |    53 |    93 |    30 ||   214
  Block: Kite shield       |       |    13 |    97 |    45 ||   155

Action                     |  1- 3 |  4- 6 |  7- 9 | 10-12 || total
---------------------------+-------+-------+-------+-------++-------
  Melee: Unarmed           |    90 |   103 |   292 |   157 ||   642
         Punch             |     2 |     2 |       |       ||     4
  Throw: Dart              |       |       |     6 |     3 ||     9
 Invoke: Draw Destruction  |       |       |     1 |     1 ||     2
         Draw Summoning    |       |       |     1 |       ||     1
    Use: Scroll            |       |       |     8 |     7 ||    15
         Potion            |       |       |     3 |       ||     3
   Stab: Sleeping          |     2 |       |       |       ||     2
         Invisible         |       |       |       |     1 ||     1
         Paralysed         |       |       |       |     1 ||     1
 Armour: Robe              |    46 |   103 |    84 |       ||   233
         Steam dragon scal |       |       |   126 |   137 ||   263
  Dodge: Dodged            |    38 |    53 |    93 |    30 ||   214
  Block: Kite shield       |       |    13 |    97 |    45 ||   155

Levels and vault maps discovered:
D:1:      saegor_arrival_simple_d, layout_basic, roderic_roman_lattice
D:2:      layout_basic, hellmonk_ecumenical_altar_arch_garden,
          minmay_misc_feat_nine_boxes, glass_columns_a, grunt_ministairs_11
D:3:      layout_loops_corners
D:4:      layout_gridville, chequers_temple_overflow_statue_of_worship
D:5:      layout_basic, mainiacjoe_overflow_24_doors, temple_fountains,
          chequers_big_river, nicolae_shop_fire_sale [nicolae_sub_dead_trees]
D:6:      layout_cave_pools
D:7:      layout_gridville, nicolae_dithmenos_through_a_glass_darkly,
          minmay_manual_mail
D:8:      layout_gridville, xom_butterflies, lair_entry_dummy
D:9:      layout_irregular_city, nicolae_ru_great_annihilating_truth,
          mainiacjoe_overflow_catwalk_spiral, ebering_ghost_gozag,
          minmay_fractal_squares_gapless_5
D:10:     minmay_tri_box, layout_rooms, mainiacjoe_overflow_boulevard,
          minmay_misc_feat_ornament, kennysheep_flooded_box
Temple:   nicolae_temple_ecumenical_triangle
Lair:1:   layout_chaotic_city, infiniplex_staircase_pool_2, uniq_grum
